 Dungeon Crawl Stone Soup version 0.30.1-11-g7821555f0a (webtiles) character file.

Game seed: 10453747453212819663

53 safid the Grasshopper (level 3, -1/31 HPs)
             Began as an Armataur Warper on Dec 13, 2023.
             Slain by an orc
             ... wielding a +0 whip
              (2 damage)
             ... on level 3 of the Dungeon on Dec 14, 2023.
             The game lasted 00:03:26 (1627 turns).

safid the Grasshopper (Armataur Warper)             Turns: 1627, Time: 00:03:29

Health: -1/31      AC:  7    Str: 18    XL:     3   Next: 62%
Magic:  15/15      EV:  9    Int: 13    God:
Gold:   81         SH:  0    Dex:  9    Spells: 6/6 levels left

rFire   . . .        a - +0 falchion
rCold   . . .        (no shield)
rNeg    . . .        b - +0 leather armour
rPois   .            j - +2 hat
rElec   .            (no cloak)
rCorr   .            n - +0 pair of gloves
SInv    .            (no barding)
Will    +....        (no amulet)
Stlth   +            f - ring of willpower
HPRegen 0.25/turn    m - ring of magical power
MPRegen 0.14/turn

%: roll
@: attractive
A: large, rugged brown scales 3, deformed body, armoured tail, roll, long
tongue, awkward tongue
a: no special abilities


You were on level 3 of the Dungeon.
You visited 1 branch of the dungeon, and saw 3 of its levels.

You collected 81 gold pieces.

Inventory:

Hand Weapons
 a - a +0 falchion (weapon)
Missiles
 d - 7 boomerangs of dispersal (quivered)
Armour
 b - a +0 leather armour (worn)
 j - a +2 hat (worn)
 n - a +0 pair of gloves (worn)
Jewellery
 f - a ring of willpower (left hand)
 m - a ring of magical power (right hand)
Scrolls
 c - 2 scrolls of blinking
 e - 4 scrolls of identify {unknown}
 h - 2 scrolls of teleportation {unknown}
 i - a scroll of fear {unknown}
 k - 2 scrolls of enchant armour {unknown}
 l - a scroll of noise {unknown}
 o - a scroll of poison {unknown}
 q - a scroll of immolation {unknown}
Potions
 g - 2 potions of attraction
 p - 2 potions of curing {unknown}


   Skills:
 + Level 2.2 Fighting
 + Level 2.2 Long Blades
 - Level 0.8 Throwing
 + Level 2.0 Armour
 + Level 1.7 Dodging
 + Level 2.2 Spellcasting
 + Level 3.2 Translocations


You had 6 spell levels left.
You didn't know any spells.
Your spell library contained the following spells:

 Spells                   Type           Power      Damage    Failure   Level
 Blink                    Tloc           18%        N/A       12%         2
 Lesser Beckoning         Tloc           18%        N/A       12%         2
 Teleport Other           Tloc           9%         N/A       24%         3
 Sublimation of Blood     Necr           1%         N/A       41%         2
 Vhi's Electric Charge    Tloc/Air       10%        N/A       41%         3
 Manifold Assault         Tloc           9%         N/A       61%         4
 Animate Dead             Necr           1%         N/A       96%         4
 Petrify                  Tmut/Erth      1%         N/A       96%         4
 Borgnjor's Vile Clutch   Necr/Erth      0%         N/A       100%        5
 Irradiate                Conj/Tmut      0%         3d11      100%        5
 Death Channel            Necr           0%         N/A       100%        6


Dungeon Overview and Level Annotations

Branches:
Dungeon (3/15)

Altars:


Innate Abilities, Weirdness & Mutations

You are completely covered in rugged brown scales. (AC +3, +7% HP)
Armour fits poorly on your strangely shaped body.
You have a long armoured tail.
You roll when moving toward enemies. (Rampage)
Your long tongue fully drains potion bottles. (2x potion effects)
Your tongue gives you trouble enunciating. (1.5x scroll delay)


Message History

The orc barely misses you. The orc closely misses you.
You hit the orc.
The orc is heavily wounded.
The orc hits you but does no damage. The orc hits you with a +0 club.
The orc hits you but does no damage. x2
You hit the orc.
The orc is heavily wounded.
The orc hits you with a +0 club. The orc closely misses you.
You hit the orc but do no damage.
The orc is heavily wounded.
The orc hits you but does no damage. x2
You hit the orc.
You kill the orc!
The orc hits you with a +0 whip.
You barely miss the kobold.
Your tail-slap misses the kobold.
The kobold hits you with a +0 whip. The orc hits you with a +0 whip.
Sorry, you're not good enough to have a special ability.
Unknown command.
You don't know any spells.
Unknown command.
You hit the orc. You tail-slap the orc.
The orc is severely wounded.
The kobold hits you with a +0 whip.
* * * LOW HITPOINT WARNING * * *
The orc closely misses you. The kobold completely misses you.
The orc hits you with a +0 whip.
* * * LOW HITPOINT WARNING * * *
You closely miss the orc.
The orc is severely wounded.
You hear the slow rusting of a very distant drain.
The kobold closely misses you. The orc hits you with a +0 whip.
* * * LOW HITPOINT WARNING * * *
Unknown command.
It was a potion of attraction.
You feel attractive to monsters.
You slurp down every last drop of the potion of attraction!
The kobold hits you with a +0 whip.
* * * LOW HITPOINT WARNING * * *
The orc hits you with a +0 whip.
You die...

#...<............#
################.#
........#
######..# #..#
#..# #..# #..#
#)@# #Ko# #..#
#..# ...# ###.#
..# ###


You could see an orc and a kobold.

Vanquished Creatures
  A gnoll (D:1)
  A dart slug (D:1)
  3 orcs (D:3)
  5 endoplasms (D:2)
  5 giant cockroaches
  3 goblins
  2 hobgoblins
  2 jackals (D:2)
  2 kobolds (D:2)
  2 quokkas
  5 bats (D:1)
  2 rats (D:1)
33 creatures vanquished.

Notes
Turn   | Place    | Note
-------+----------+-------------------------------------------
     0 | D:1      | safid the Armataur Warper began the quest for the Orb.
     0 | D:1      | Reached XP level 1. HP: 18/18 MP: 3/3
   184 | D:1      | Reached XP level 2. HP: 21/25 MP: 4/4
   644 | D:1      | Reached XP level 3. HP: 31/31 MP: 6/6
  1627 | D:3      | HP: 1/31 [kobold/+0 whip (1)]
  1627 | D:3      | Slain by an orc

Illustrated notes

Levels and vault maps discovered:
D:1:      roderic_chinese_lattice_arrival, layout_basic, chequers_mini_garden
D:2:      layout_loops_ring
D:3:      layout_basic, portal_sewer_entry_a,
          shapermc_ecumenical_altar_mp_urbaneastern, minmay_misc_feat_iff

Skill      XL: |  1  2  3 |
---------------+----------+-----
Long Blades    | 2 |  2.2
Fighting       | 2 |  2.2
Spellcasting   | 2 |  2.2
Armour         | 2 |  2.0
Throwing       | |  0.8
Dodging        | |  1.7
Translocations | |  3.2

Action                     || total
---------------------------++-------
  Melee: Falchion          ||   131
         Tailslap          ||    10
         Punch             ||     1
    Use: Potion            ||     1
   Stab: Sleeping          ||     1
 Armour: Leather armour    ||    58
  Dodge: Dodged            ||    85
